Map: Cerulean Fall LE

Players

MiSCo

  • Race: Zerg Zerg
  • League: Silver
  • Spawn Location: 7:00

Kramjak - Winner!

  • Race: Zerg Zerg
  • League: Silver
  • Spawn Location: 1:00

VOD

Have the link to the VOD?

Description

Time

  • Played on: Sept. 16, 2018, 12:29 p.m.
  • Length: 16:56
Show
View Real Time Build Order
Export as new Build Order

MiSCo Zerg 

Build Orders: Hatch First, Zergling Baneling 

Get SALT Encoding   

  12  0:01  Drone  
  13  0:07  Drone  
  14  0:17  Overlord  
  14  0:32  Extractor, Drone  
  14  0:35  Drone x2  
  17  0:48  Drone  
  18  1:02  Hatchery  
  18  1:03  Drone  
  18  1:07  Extractor, Drone  
  18  1:42  Overlord  
  18  1:46  Spawning Pool  
  17  1:59  Extractor, Drone  
  17  2:00  Drone x2  
  19  2:06  Hatchery  
  18  2:19  Drone  
  19  2:23  Drone  
  20  2:32  Queen  
  20  2:33  Queen  
  20  2:36  Drone x2  
  26  2:38  Drone  
  27  2:57  Overlord x2  
  27  3:08  Queen  
  29  3:13  Overlord  
  29  3:16  Zergling x2  
  29  3:17  Zergling x6  
  33  3:25  Drone  
  34  3:27  Queen  
  36  3:45  Baneling Nest  
  36  3:47  Drone x2  
  37  3:52  Drone  
  38  4:07  Drone  
  38  4:08  Drone x2  
  41  4:12  Zergling x8  
  45  4:30  Drone  
  46  4:32  Baneling x8  
  46  4:36  Lair  
  46  4:39  Roach Warren  
  46  4:40  Drone  
  46  4:57  Zergling x6  
  46  4:58  Zergling x4  
  51  5:12  Metabolic Boost  
  51  5:24  Spore Crawler  
  50  5:34  Drone  
  50  5:35  Drone, Overlord x2  
  52  5:53  Drone x7  
  59  6:02  Roach x7  
  73  6:05  Hatchery  
  71  6:25  Baneling  
  71  6:26  Baneling x16  
  71  6:36  Zergling x2  
  71  6:37  Zergling x2  
  71  6:38  Overlord  
  71  6:39  Overlord x2  
  73  6:56  Overlord x2  
  73  6:57  Overseer  
  73  7:02  Drone x2  
  59  7:33  Hydralisk Den  
  52  7:52  Ravager x3  
  55  7:59  Queen  
  55  8:01  Queen  
  59  8:09  Spore Crawler  
  59  8:10  Spore Crawler  
  57  8:13  Spore Crawler  
  57  8:16  Spore Crawler  
  57  8:17  Spore Crawler  
  54  8:23  Spore Crawler  
  54  8:25  Spore Crawler  
  52  8:29  Spore Crawler  
  52  8:30  Spore Crawler  
  52  8:32  Hydralisk  
  52  8:33  Hydralisk x4  
  60  8:36  Drone  
  60  8:37  Drone x5  
  59  9:11  Spore Crawler  
  59  9:12  Drone  
  59  9:13  Drone x4, Spore Crawler  
  62  9:23  Drone x4  
  66  9:25  Hydralisk x5  
  76  9:33  Roach  
  76  9:34  Roach x7  
  92  10:03  Infestation Pit  
  91  10:07  Roach  
  91  10:08  Roach x2  
  97  10:17  Spore Crawler  
  96  10:26  Spore Crawler  
  95  10:35  Spore Crawler  
  86  11:03  Hydralisk x6  
  98  11:15  Queen  
  98  11:18  Drone x5  
  105  11:36  Spore Crawler  
  105  11:37  Drone, Spore Crawler  
  104  11:42  Spore Crawler  
  104  11:43  Roach  
  104  11:45  Infestor  
  107  11:48  Zergling x10  
  107  11:50  Overlord x3  
  107  11:51  Overlord  
  112  12:08  Overlord x2  
  112  12:12  Hydralisk x2, Roach x2  
  120  12:20  Evolution Chamber  
  119  12:26  Hive  
  119  12:30  Extractor  
  119  12:32  Extractor, Drone x2  
  119  12:48  Ravager  
  120  13:11  Overlord x2  
  120  13:12  Overlord x2  
  120  13:22  Hydralisk  
  120  13:23  Hydralisk x2  
  120  13:24  Zergling x20  
  120  13:25  Zergling x6  
  139  13:31  Overseer  
  139  13:41  Drone  
  140  13:42  Drone  
  140  13:43  Drone x4  
  140  13:45  Drone  
  140  13:46  Drone x5  
  151  13:52  Queen  
  153  14:11  Roach x5  
  153  14:12  Roach x4  
  98  14:46  Hydralisk x2  
  98  14:47  Hydralisk x10  
  117  14:57  Hydralisk x2  
  55  15:38  Hydralisk  
  55  15:39  Hydralisk x7  
  59  15:52  Hydralisk x2  
  61  16:05  Zergling x2  
  61  16:06  Zergling x16  
Show
View Real Time Build Order
Export as new Build Order

Kramjak Zerg - Winner!

Build Orders: Hatch First 

Get SALT Encoding   

  12  0:08  Overlord  
  12  0:17  Drone  
  12  0:20  Drone  
  14  0:25  Extractor  
  14  0:26  Drone  
  14  0:32  Drone  
  15  0:42  Drone  
  16  0:53  Drone  
  17  1:08  Drone  
  18  1:11  Hatchery  
  18  1:15  Drone  
  18  1:25  Drone  
  19  1:34  Spawning Pool  
  19  1:36  Drone  
  19  1:48  Extractor  
  19  1:49  Drone  
  19  1:57  Overlord  
  19  2:09  Drone  
  20  2:20  Metabolic Boost  
  20  2:23  Zergling x2  
  20  2:24  Queen  
  20  2:26  Queen  
  20  2:29  Drone  
  26  2:33  Drone  
  26  2:35  Drone  
  28  2:41  Drone  
  29  2:46  Zergling x2  
  30  2:54  Drone  
  31  3:06  Drone  
  32  3:17  Drone  
  33  3:21  Lair  
  33  3:24  Drone x2  
  33  3:25  Drone  
  36  3:28  Overlord  
  36  3:40  Roach Warren  
  35  3:46  Drone  
  36  3:49  Drone x2  
  38  3:57  Drone x2  
  38  3:58  Drone x2  
  38  4:00  Overlord  
  42  4:03  Queen  
  42  4:06  Overlord  
  44  4:20  Drone  
  44  4:23  Roach  
  47  4:25  Roach x2  
  51  4:44  Spire  
  50  4:46  Roach  
  50  4:47  Roach  
  50  4:49  Zergling x4  
  56  5:12  Drone x2  
  58  5:16  Drone  
  58  5:18  Drone  
  60  5:22  Overlord  
  60  5:25  Glial Reconstitution  
  60  5:49  Extractor  
  59  5:51  Extractor  
  59  5:53  Drone  
  59  5:56  Drone x3  
  62  6:02  Mutalisk x3  
  68  6:07  Overlord  
  68  6:27  Evolution Chamber  
  68  6:29  Drone x3  
  68  6:31  Drone  
  71  6:36  Mutalisk x2  
  75  6:40  Overlord  
  75  6:42  Overlord  
  75  6:51  Evolution Chamber  
  74  6:55  Zerg Missile Weapons Level 1  
  74  7:03  Mutalisk x3  
  80  7:09  Overlord  
  64  7:29  Zerg Flyer Armor Level 1  
  64  7:43  Hatchery  
  63  7:53  Mutalisk  
  63  7:54  Mutalisk x2  
  69  8:12  Extractor  
  68  8:14  Hatchery  
  68  8:16  Extractor  
  66  8:21  Hatchery  
  66  8:23  Mutalisk x3  
  66  8:26  Mutalisk x2  
  67  9:08  Mutalisk x3  
  73  9:12  Mutalisk x3  
  79  9:23  Zerg Flyer Weapons Level 1  
  79  9:25  Drone x3  
  79  9:28  Overlord  
  79  9:31  Overlord  
  82  9:32  Queen  
  82  9:33  Queen  
  82  9:35  Queen  
  82  9:37  Queen  
  90  9:40  Queen  
  90  9:41  Overlord  
  90  9:44  Mutalisk  
  94  9:46  Mutalisk x2  
  94  9:48  Mutalisk  
  94  9:50  Mutalisk  
  102  10:14  Overlord x3  
  102  10:17  Drone  
  102  10:18  Drone x2  
  105  10:22  Zergling x2  
  105  10:23  Zergling x4  
  105  10:25  Zergling x6  
  101  11:08  Mutalisk x3  
  107  11:14  Zergling x6  
  107  11:16  Zerg Melee Weapons Level 1  
  107  11:17  Zerg Flyer Armor Level 2  
  110  11:20  Baneling Nest  
  109  11:28  Infestation Pit  
  109  11:32  Mutalisk x2  
  108  11:36  Corruptor x2  
  108  11:37  Corruptor  
  118  11:41  Corruptor  
  118  11:42  Corruptor  
  118  11:45  Corruptor  
  124  11:48  Zergling x4  
  127  12:08  Drone x3  
  127  12:13  Overlord x3  
  129  12:18  Drone x2  
  129  12:19  Drone  
  129  12:22  Drone x2  
  134  12:23  Drone  
  135  12:31  Hive  
  135  12:36  Corruptor x2  
  139  12:46  Spire  
  138  12:53  Overlord x2  
  138  12:57  Mutalisk x2  
  142  13:01  Zergling x10  
  142  13:02  Zergling x2  
  142  13:04  Centrifical Hooks  
  148  13:06  Zergling x6  
  148  13:10  Baneling x3  
  148  13:11  Baneling x7  
  148  13:12  Baneling x7  
  151  13:13  Baneling  
  151  13:14  Baneling x4  
  151  13:17  Drone x3  
  154  13:30  Zerg Melee Weapons Level 2  
  154  13:32  Zerg Flyer Weapons Level 2, Zerg Ground Armor Level 1  
  154  13:37  Drone x3  
  157  13:41  Drone  
  157  13:42  Drone x2  
  157  13:47  Extractor  
  159  13:50  Drone x2  
  159  13:51  Drone  
  162  13:59  Corruptor x3  
  168  14:03  Greater Spire  
  168  14:11  Zergling x4  
  168  14:12  Zergling x12  
  168  14:13  Zergling x2  
  168  14:15  Zergling x2  
  178  14:18  Zergling x6  
  128  15:19  Brood Lord x4  
  128  15:20  Brood Lord  
  107  15:35  Mutalisk x3  
  100  15:38  Mutalisk x3  
  105  15:56  Mutalisk x3  
  111  15:59  Zergling x2  
  111  16:00  Zergling x4  
  111  16:02  Mutalisk x3  
Tags
 
Add a new tag
Caveats
  • Supply blocks, unpowered buildings, or Contaminate may cause inaccurate times.
  • Supply counts are checked every 10 seconds.